 Dungeon Crawl Stone Soup version 0.27.0-1-g7a089689b8 (webtiles) character file.

Game seed: 15151218654115486617

88 Kinoniko the Chopper (level 4, -2/58 HPs)
             Began as a Hill Orc Berserker on Aug 6, 2021.
             Was a Believer of Trog.
             Slain by a gnoll (11 damage)
             ... on level 3 of the Dungeon.
             The game lasted 00:01:39 (2323 turns).

Kinoniko the Chopper (Hill Orc Berserker)           Turns: 2323, Time: 00:01:40

Health: -2/58      AC:  6    Str: 20    XL:     4   Next: 54%
Magic:  4/4        EV: 10    Int:  7    God:    Trog [**....]
Gold:   49         SH:  0    Dex: 10    Spells: 3/3 levels left

rFire    . . .     SeeInvis .   a - +0 hand axe
rCold    . . .     Faith    .   (no shield)
rNeg     . . .     Spirit   .   d - +0 scale mail
rPois    .         Reflect  .   (no helmet)
rElec    .         Harm     .   (no cloak)
rCorr    .         Rampage  .   (no gloves)
Will     .....                  (no boots)
Stlth    ..........             (no amulet)
HPRegen  0.19/turn              (no ring)
MPRegen  0.09/turn              (no ring)

@: berserking, very quick
A: no striking features
a: Renounce Religion, Berserk, Trog's Hand


You were on level 3 of the Dungeon.
You worshipped Trog.
Trog was pleased with you.
You visited 1 branch of the dungeon, and saw 3 of its levels.

You collected 49 gold pieces.

Inventory:

Hand Weapons
 a - a +0 hand axe (weapon)
Armour
 d - a +0 scale mail (worn)
Jewellery
 b - an amulet of regeneration
 h - a ring of poison resistance
 k - a ring of protection from cold
Scrolls
 e - a scroll of teleportation {unknown}
 f - a scroll of enchant armour {unknown}
 g - a scroll of magic mapping {unknown}
Potions
 c - a potion of curing {unknown}
 i - a potion of flight {unknown}
 j - a potion of cancellation {unknown}
 l - a potion of attraction {unknown}


   Skills:
 - Level 3.6 Fighting
 * Level 6.1 Axes
 - Level 2.1 Armour
 + Level 2.5 Dodging


You had 3 spell levels left.
You didn't know any spells.
Your spell library was empty.

Dungeon Overview and Level Annotations

Branches:
Dungeon (3/15)

Altars:
Fedhas


Message History

The gnoll hits you from afar with a +0 halberd.
The goblin barely misses you.
You hit the goblin.
You kill the goblin!
Trog accepts your kill.
You hit the endoplasm but do no damage. The gnoll barely misses you.
The endoplasm freezes you.
You are frozen.
You hit the gnoll but do no damage. You hit the endoplasm but do no damage.
The gnoll barely misses you.
The endoplasm hits you but does no damage.
The gnoll hits you from afar with a +0 halberd.
You hit the gnoll but do no damage. You hit the endoplasm.
The gnoll hits you from afar with a +0 halberd.
The gnoll closely misses you. The endoplasm freezes you.
You are frozen.
The gnoll misses you.
You are too injured to fight recklessly!
You are too injured to fight recklessly!
You are too injured to fight recklessly!
You are too injured to fight recklessly!
You are too injured to fight recklessly!
You are too injured to fight recklessly!
Unknown command.
A red film seems to cover your vision as you go berserk!
You feel yourself moving faster!
You feel mighty!
The gnoll hits you from afar with a +0 halberd!
* * * LOW HITPOINT WARNING * * *
The gnoll hits you with a +0 whip.
* * * LOW HITPOINT WARNING * * *
The endoplasm hits you but does no damage.
The gnoll closely misses you. The gnoll barely misses you.
You hit the gnoll.
The gnoll is moderately wounded.
You slash the gnoll! You hit the endoplasm.
You kill the endoplasm!
Trog accepts your kill.
You closely miss the rat. The gnoll completely misses you.
The gnoll barely misses you. The gnoll hits you with a +0 flail!
You die...

####..# #.. # ##.#
#.###.###
##.###.......#
#######.†.....######
....)........#.....##
######..............##
#................#
#................#
#..........@.....#
#.........rgg.$..#
#........gg......#
#.>..............#
#.#............
...........####
....#..##### .......


You could see 4 gnolls and a rat.

Vanquished Creatures
  4 adders
  A worm (D:3)
  2 dart slugs (D:1)
  An orc (D:3)
  5 bats
  6 endoplasms
  3 giant cockroaches
  2 goblins (D:3)
  4 hobgoblins
  A quokka (D:3)
  3 ball pythons
  3 frilled lizards
  6 kobolds
  6 rats
47 creatures vanquished.

Notes
Turn   | Place    | Note
-------+----------+-------------------------------------------
     0 | D:1      | Kinoniko the Hill Orc Berserker began the quest for the
                  | Orb.
     0 | D:1      | Reached XP level 1. HP: 19/19 MP: 1/1
    61 | D:1      | Reached XP level 2. HP: 18/26 MP: 2/2
   554 | D:1      | Found a faded altar of an unknown god.
   738 | D:1      | Reached skill level 5 in Axes
   905 | D:2      | Reached XP level 3. HP: 31/31 MP: 3/3
  1563 | D:3      | Reached ** piety under Trog
  1686 | D:3      | Found a blossoming altar of Fedhas.
  1702 | D:3      | Reached XP level 4. HP: 19/39 MP: 4/4
  2265 | D:3      | Reached skill level 6 in Axes
  2323 | D:3      | Slain by a gnoll

Illustrated notes

Levels and vault maps discovered:
D:1:      enne_arrival_octagon_isle, layout_loops_ring,
          hellmonk_ecumenical_altar_slurped_away, corner_web_ring,
          grunt_decor_cap
D:2:      layout_basic
D:3:      layout_rooms, mainiacjoe_overflow_24_doors, portal_sewer_entry_e,
          st_stairs_2, minivault_5

Skill      XL: |  1  2  3  4 |
---------------+-------------+-----
Dodging        | 2 |  2.5
Axes           | 5 6 |  6.1
Fighting       | |  3.6
Armour         | |  2.1

Action                   |  1- 3 |  4- 6 || total
-------------------------+-------+-------++-------
Melee: Hand axe          |   123 |    38 ||   161
Invok: Berserk           |       |     1 ||     1
Armor: Animal skin       |     1 |       ||     1
       Scale mail        |    50 |    16 ||    66
Dodge: Dodged            |    70 |    24 ||    94
